LNP
UTUADO ARRIBENOS @ LAS PIEDRAS MENESTRALES
05/04/1903
 
TOP OF THE 1ST
Utuado Arribenos batting - Pitching for Las Piedras Menestrales : RHP Peleo Barrios
Pitching: RHP Peleo Barrios
Batting: LHB Gaudencio Ojeda 0-0: Called Strike
0-1: Ball
1-1: Foul Ball, location: 25F
1-2: Foul Ball, location: 2F
1-2: Ball
2-2: Ground out 4-3 (Groundball, 4, EV 137 KM/H)
Batting: SHB Egidio Osorio 0-0: Foul Ball, location: 7LMF
0-1: Swinging Strike
0-2: Foul Ball, location: 23F
0-2: Ball
1-2: Foul Ball, location: 7LSF
1-2: Ball
2-2: Strikes out swinging
Batting: RHB Etelfrido Dorado 0-0: Ball
1-0: Foul Ball, location: 23F
1-1: Ball
2-1: Ball
3-1: Called Strike
3-2: Foul Ball, location: 2F
3-2: SINGLE (Groundball, 4, EV 135 KM/H) (infield hit)
Batting: LHB Urbano Rivera 0-0: Ball
1-0: Swinging Strike
1-1: SINGLE (Groundball, 4, EV 177 KM/H)
Etelfrido Dorado to second
Runner from 2nd tries for 3rd, SAFE, throw by CF made to third
Batting: RHB Haffy Beattie 0-0: Ball
1-0: Ground out 4-3 (Groundball, 4, EV 137 KM/H)
Top of the 1st over - 0 runs, 2 hits, 0 errors, 2 left on base; Utuado 0 - Las Piedras 0
BOTTOM OF THE 1ST
Las Piedras Menestrales batting - Pitching for Utuado Arribenos : RHP Lucas Robles
Pitching: RHP Lucas Robles
Batting: RHB Howard McArthur 0-0: Called Strike
0-1: Ball
1-1: Ball
2-1: Ball
3-1: Base on Balls
Batting: SHB Albán Murguía 0-0: Ball
Howard McArthur is caught stealing 2nd base 2-6
1-0: Ball
2-0: Ground out 5-3 (Groundball, 56, EV 163 KM/H)
Batting: LHB Álvaro Sánchez 0-0: Called Strike
0-1: Ball
1-1: Swinging Strike
1-2: Strikes out looking
Bottom of the 1st over - 0 runs, 0 hits, 0 errors, 0 left on base; Utuado 0 - Las Piedras 0
TOP OF THE 2ND
Utuado Arribenos batting - Pitching for Las Piedras Menestrales : RHP Peleo Barrios
Batting: LHB Marco Aguiar 0-0: Swinging Strike
0-1: Ball
1-1: Ball
2-1: Fly out, F9 (Flyball, 9D, EV 156 KM/H)
Batting: LHB Aldo Agosto 0-0: Ball
1-0: Ground out U3 (Groundball, 13, EV 135 KM/H)
Batting: RHB Alrigo García 0-0: Ball
1-0: Fly out, F9 (Line Drive, 9, EV 150 KM/H)
Top of the 2nd over - 0 runs, 0 hits, 0 errors, 0 left on base; Utuado 0 - Las Piedras 0
BOTTOM OF THE 2ND
Las Piedras Menestrales batting - Pitching for Utuado Arribenos : RHP Lucas Robles
Batting: RHB Pablo Marcano 0-0: Called Strike
0-1: Swinging Strike
0-2: Ball
1-2: Fly out, F7 (Flyball, 7D, EV 177 KM/H)
Batting: LHB Gabe Olson 0-0: Called Strike
0-1: Called Strike
0-2: Ball
1-2: Foul Ball, location: 23F
1-2: Ball
2-2: Strikes out swinging
Batting: RHB Rich Joly 0-0: SINGLE (Groundball, 5D, EV 159 KM/H)
Batting: LHB Urbano Liévanos 0-0: Ball
1-0: Ball
2-0: Foul Ball, location: 5F
2-1: Ball
3-1: Called Strike
3-2: SINGLE (Groundball, 4S, EV 112 KM/H) (infield hit)
Rich Joly to second
Batting: SHB Erasmo Vásquez 0-0: Ball
1-0: Swinging Strike
1-1: Foul Ball, location: 7LSF
1-2: Ball
2-2: Fly out, F9 (Flyball, 9D, EV 137 KM/H)
Bottom of the 2nd over - 0 runs, 2 hits, 0 errors, 2 left on base; Utuado 0 - Las Piedras 0
TOP OF THE 3RD
Utuado Arribenos batting - Pitching for Las Piedras Menestrales : RHP Peleo Barrios
Batting: RHB Diomedes Estopinán 0-0: Ball
1-0: Swinging Strike
1-1: Ball
2-1: SINGLE (Line Drive, 89S, EV 144 KM/H)
Batting: LHB Gaudencio Ojeda 0-0: Called Strike
0-1: Called Strike
0-2: SINGLE (Groundball, 23, EV 136 KM/H) (infield hit)
Diomedes Estopinán to second
Batting: SHB Egidio Osorio 0-0: Bunt - Flyout to 2L! F2
Batting: RHB Etelfrido Dorado 0-0: Swinging Strike
0-1: Grounds into double play, 4-6-3 (Groundball, 4, EV 170 KM/H)
Top of the 3rd over - 0 runs, 2 hits, 0 errors, 1 left on base; Utuado 0 - Las Piedras 0
BOTTOM OF THE 3RD
Las Piedras Menestrales batting - Pitching for Utuado Arribenos : RHP Lucas Robles
Batting: RHB Bernardo Justiniano 0-0: Foul Ball, location: 2F
0-1: Ball
1-1: Ball
2-1: Foul Ball, location: 5FF
2-2: Foul Ball, location: 2F
2-2: SINGLE (Groundball, 34D, EV 152 KM/H)
Batting: RHB Howard McArthur 0-0: Bunted foul
0-1: Sac Bunt to 25 - play at first, batter OUT! 5-3
Bernardo Justiniano to second
Batting: SHB Albán Murguía 0-0: Ball
1-0: Called Strike
1-1: Ground out 4-3 (Groundball, 4, EV 130 KM/H)
Bernardo Justiniano to third
Batting: LHB Álvaro Sánchez 0-0: Foul Ball, location: 7LMF
0-1: Called Strike
0-2: Foul Ball, location: 25F
0-2: Ball
1-2: Ball
2-2: Ball
3-2: Foul Ball, location: 2F
3-2: Fly out, F8 (Flyball, 8LD, EV 153 KM/H)
Bottom of the 3rd over - 0 runs, 1 hit, 0 errors, 1 left on base; Utuado 0 - Las Piedras 0
TOP OF THE 4TH
Utuado Arribenos batting - Pitching for Las Piedras Menestrales : RHP Peleo Barrios
Batting: LHB Urbano Rivera 0-0: Ball
1-0: Called Strike
1-1: Foul Ball, location: 5FF
1-2: Fly out, F8 (Flyball, 8RM, EV 143 KM/H)
Batting: RHB Haffy Beattie 0-0: Called Strike
0-1: Ball
1-1: Swinging Strike
1-2: Ball
2-2: Fly out, F9 (Flyball, 89M, EV 143 KM/H)
Batting: LHB Marco Aguiar 0-0: Reached on error, E6 (Groundball, 6, EV 150 KM/H)
Batting: LHB Aldo Agosto 0-0: Ball
1-0: Ball
2-0: Foul Ball, location: 2F
2-1: Ball
3-1: Fly out, F8 (Flyball, 8RM, EV 146 KM/H)
Top of the 4th over - 0 runs, 0 hits, 1 error, 1 left on base; Utuado 0 - Las Piedras 0
BOTTOM OF THE 4TH
Las Piedras Menestrales batting - Pitching for Utuado Arribenos : RHP Lucas Robles
Batting: RHB Pablo Marcano 0-0: Ball
1-0: Ball
2-0: Ball
3-0: Base on Balls
Batting: LHB Gabe Olson 0-0: Sac Bunt to 23 - play at first, batter OUT! 3-4
Pablo Marcano to second
Batting: RHB Rich Joly 0-0: Ball
1-0: Fly out, F8 (Flyball, 8LD, EV 132 KM/H)
Batting: LHB Urbano Liévanos 0-0: Called Strike
0-1: Ball
1-1: Foul Ball, location: 3SF
1-2: Foul Ball, location: 7LSF
1-2: Foul Ball, location: 2F
1-2: Foul Ball, location: 2F
1-2: Fly out, F7 (Flyball, 7D, EV 166 KM/H)
Bottom of the 4th over - 0 runs, 0 hits, 0 errors, 1 left on base; Utuado 0 - Las Piedras 0
TOP OF THE 5TH
Utuado Arribenos batting - Pitching for Las Piedras Menestrales : RHP Peleo Barrios
Batting: RHB Alrigo García 0-0: Ball
1-0: Called Strike
1-1: Ground out 4-3 (Groundball, 4, EV 164 KM/H)
Batting: RHB Diomedes Estopinán 0-0: Ball
1-0: Ball
2-0: Ball
3-0: Base on Balls
Batting: LHB Gaudencio Ojeda 0-0: Called Strike
0-1: Fielders Choice at 2nd, 6-4 (Groundball, 6, EV 157 KM/H)
Batting: SHB Egidio Osorio 0-0: Called Strike
Gaudencio Ojeda is caught stealing 2nd base 2-6
Top of the 5th over - 0 runs, 0 hits, 0 errors, 0 left on base; Utuado 0 - Las Piedras 0
BOTTOM OF THE 5TH
Las Piedras Menestrales batting - Pitching for Utuado Arribenos : RHP Lucas Robles
Batting: SHB Erasmo Vásquez 0-0: Ball
1-0: Ball
2-0: Ball
3-0: Called Strike
3-1: Foul Ball, location: 2F
3-2: Foul Ball, location: 7LMF
3-2: Foul Ball, location: 2LF
3-2: Reached via error on a dropped throw from 1B, E1 (Groundball, 34, EV 142 KM/H)
Batting: RHB Bernardo Justiniano 0-0: Sac Bunt to 5S - play at first, batter safe!
Erasmo Vásquez to second
Batting: RHB Howard McArthur 0-0: Called Strike
0-1: Sac Bunt to 15 - play at first, batter OUT! 1-4
Erasmo Vásquez to third
Bernardo Justiniano to second
Batting: SHB Albán Murguía 0-0: Ball
1-0: Swinging Strike
1-1: Fly out, F7 (Flyball, 7LS, EV 140 KM/H)
Batting: LHB Álvaro Sánchez 0-0: Ball
1-0: Ball
2-0: Ball
3-0: Called Strike
3-1: SINGLE (Line Drive, 8RS, EV 174 KM/H)
Erasmo Vásquez scores
Bernardo Justiniano to third
Runner from 3rd tries for Home, SAFE, throw by CF to home
Batting: RHB Pablo Marcano 0-0: Ball
1-0: Called Strike
1-1: Swinging Strike
1-2: SINGLE (Groundball, 56D, EV 128 KM/H) (infield hit)
Álvaro Sánchez to second
Batting: LHB Gabe Olson 0-0: Ball
1-0: Called Strike
1-1: Ball
2-1: SINGLE (Line Drive, 56D, EV 164 KM/H)
Álvaro Sánchez to third
Pablo Marcano to second
Batting: RHB Rich Joly 0-0: Ball
1-0: Ball
2-0: Fielders Choice at 2nd, 6-4 (Groundball, 6, EV 129 KM/H)
Bottom of the 5th over - 2 runs, 4 hits, 1 error, 3 left on base; Utuado 0 - Las Piedras 2
TOP OF THE 6TH
Utuado Arribenos batting - Pitching for Las Piedras Menestrales : RHP Peleo Barrios
Batting: SHB Egidio Osorio 0-0: Ball
1-0: Ball
2-0: Foul Ball, location: 2F
2-1: Foul Ball, location: 2F
2-2: Fly out, F6 (Popup, 56, EV 108 KM/H)
Batting: RHB Etelfrido Dorado 0-0: Called Strike
0-1: Ball
1-1: Fly out, F6 (Popup, 6MS, EV 123 KM/H)
Batting: LHB Urbano Rivera 0-0: Ball
1-0: Ground out 5-3 (Groundball, 15, EV 146 KM/H)
Top of the 6th over - 0 runs, 0 hits, 0 errors, 0 left on base; Utuado 0 - Las Piedras 2
BOTTOM OF THE 6TH
Las Piedras Menestrales batting - Pitching for Utuado Arribenos : RHP Lucas Robles
Batting: LHB Urbano Liévanos 0-0: Ball
1-0: Called Strike
1-1: Ball
2-1: Foul Ball, location: 2LF
2-2: Foul Ball, location: 7LDF
2-2: Foul Ball, location: 2F
2-2: Ball
3-2: Ground out 4-3 (Groundball, 4S, EV 127 KM/H)
Batting: SHB Erasmo Vásquez 0-0: Ball
1-0: SINGLE (Groundball, 3S, EV 106 KM/H) (infield hit)
Batting: RHB Bernardo Justiniano 0-0: Foul Ball, location: 9LSF
0-1: Fielders Choice at 2nd, 6-4 (Groundball, 6, EV 135 KM/H)
Batting: RHB Howard McArthur 0-0: Ball
1-0: Called Strike
1-1: Ball
2-1: Ball
3-1: Ground out 6-3 (Groundball, 6S, EV 131 KM/H)
Bottom of the 6th over - 0 runs, 1 hit, 0 errors, 1 left on base; Utuado 0 - Las Piedras 2
TOP OF THE 7TH
Utuado Arribenos batting - Pitching for Las Piedras Menestrales : RHP Peleo Barrios
Batting: RHB Haffy Beattie 0-0: Swinging Strike
0-1: Ball
1-1: SINGLE (Groundball, 6MD, EV 165 KM/H)
Batting: LHB Marco Aguiar 0-0: Called Strike
0-1: Ball
1-1: Ball
2-1: Ball
3-1: Called Strike
3-2: Foul Ball, location: 7LSF
3-2: SINGLE (Groundball, 4MD, EV 155 KM/H)
Haffy Beattie to second
Batting: LHB Aldo Agosto 0-0: Ball
1-0: Bunted foul
1-1: Sac Bunt to 25 - play at first, batter OUT! 5-4
Haffy Beattie to third
Marco Aguiar to second
Pinch Hitting: SHB Roger Muir 0-0: Called Strike
0-1: SINGLE (Groundball, 34D, EV 166 KM/H)
Haffy Beattie scores
Marco Aguiar to third
Runner from 3rd tries for Home, SAFE, throw by RF to home
Batting: RHB Diomedes Estopinán 0-0: Called Strike
0-1: Ball
1-1: Called Strike
1-2: Strikes out swinging
Batting: LHB Gaudencio Ojeda 0-0: Ball
1-0: Called Strike
1-1: Fly out, F5 (Line Drive, 5L, EV 112 KM/H)
Top of the 7th over - 2 runs, 3 hits, 0 errors, 1 left on base; Utuado 2 - Las Piedras 2
BOTTOM OF THE 7TH
Las Piedras Menestrales batting - Pitching for Utuado Arribenos : RHP Lucas Robles
Now at SS: Guarionex Garza
Batting: SHB Albán Murguía 0-0: SINGLE (Line Drive, 7S, EV 153 KM/H)
Batting: LHB Álvaro Sánchez 0-0: Ball
1-0: Ball
2-0: Ball
3-0: Called Strike
3-1: Fly out, F8 (Line Drive, 8RM, EV 144 KM/H)
Batting: RHB Pablo Marcano 0-0: Called Strike
0-1: Fly out, F6 (Popup, 6S, EV 107 KM/H)
Batting: LHB Gabe Olson 0-0: Called Strike
0-1: Called Strike
0-2: Strikes out looking
Bottom of the 7th over - 0 runs, 1 hit, 0 errors, 1 left on base; Utuado 2 - Las Piedras 2
TOP OF THE 8TH
Utuado Arribenos batting - Pitching for Las Piedras Menestrales : RHP Peleo Barrios
Batting: SHB Egidio Osorio 0-0: Ball
1-0: Called Strike
1-1: Ball
2-1: Ground out 5-3 (Groundball, 56S, EV 109 KM/H)
Batting: RHB Etelfrido Dorado 0-0: Ball
1-0: Called Strike
1-1: Ball
2-1: SINGLE (Line Drive, 9S, EV 168 KM/H)
Batting: LHB Urbano Rivera 0-0: Called Strike
Etelfrido Dorado steals 2nd base
0-1: Foul Ball, location: 7LMF
0-2: Ball
1-2: Foul Ball, location: 2F
1-2: Ground out 1-3 (Groundball, 13S, EV 115 KM/H)
Etelfrido Dorado to third
Batting: RHB Haffy Beattie 0-0: Ball
1-0: Ball
2-0: Called Strike
2-1: Foul Ball, location: 2F
2-2: Ground out 5-3 (Groundball, 5, EV 139 KM/H)
Top of the 8th over - 0 runs, 1 hit, 0 errors, 1 left on base; Utuado 2 - Las Piedras 2
BOTTOM OF THE 8TH
Las Piedras Menestrales batting - Pitching for Utuado Arribenos : RHP Lucas Robles
Batting: RHB Rich Joly 0-0: Ball
1-0: SINGLE (Line Drive, 5D, EV 172 KM/H)
Batting: LHB Urbano Liévanos 0-0: Bunted foul
0-1: Bunted foul
0-2: Ball
1-2: Foul Ball, location: 7LMF
1-2: Fly out, F9 (Flyball, 9LM, EV 153 KM/H)
Batting: SHB Erasmo Vásquez 0-0: Called Strike
0-1: Ball
1-1: SINGLE (Groundball, 6MD, EV 173 KM/H)
Rich Joly to second
Batting: RHB Bernardo Justiniano 0-0: Fly out, F3 (Popup, 13, EV 125 KM/H)
Batting: RHB Howard McArthur 0-0: Called Strike
0-1: Called Strike
0-2: Ball
1-2: Ball
2-2: Ball
3-2: Strikes out swinging
Bottom of the 8th over - 0 runs, 2 hits, 0 errors, 2 left on base; Utuado 2 - Las Piedras 2
TOP OF THE 9TH
Utuado Arribenos batting - Pitching for Las Piedras Menestrales : RHP Peleo Barrios
Batting: LHB Marco Aguiar 0-0: Ball
1-0: Fly out, F5 (Popup, 5SF, EV 120 KM/H)
Batting: LHB Aldo Agosto 0-0: Called Strike
0-1: Called Strike
0-2: Ball
1-2: Ball
2-2: Foul Ball, location: 2F
2-2: Ball
3-2: SINGLE (Line Drive, 7LS, EV 170 KM/H)
Pinch Hitting: LHB José González 0-0: Ball
1-0: Foul Ball, location: 7LSFF
1-1: Ball
2-1: Foul Ball, location: 23F
2-2: Fly out, F7 (Flyball, 7LMF, EV 155 KM/H)
Pinch Hitting: RHB Jorge Pitones 0-0: Fly out, F8 (Flyball, 8LD, EV 156 KM/H)
Top of the 9th over - 0 runs, 1 hit, 0 errors, 1 left on base; Utuado 2 - Las Piedras 2
BOTTOM OF THE 9TH
Las Piedras Menestrales batting - Pitching for Utuado Arribenos : RHP Lucas Robles
Now at C: Efraín Trejo
Now at SS: Jesús Piñeda
Batting: SHB Albán Murguía 0-0: Foul Ball, location: 5F
0-1: Ground out 1-3 (Groundball, 13S, EV 114 KM/H)
Batting: LHB Álvaro Sánchez 0-0: Ball
1-0: Ball
2-0: Foul Ball, location: 5FF
2-1: Ground out 4-3 (Groundball, 4, EV 168 KM/H)
Pinch Hitting: SHB Anselmo Castañeda 0-0: Called Strike
0-1: Ball
1-1: Reached on error, E6 (Groundball, 6, EV 144 KM/H)
Batting: LHB Gabe Olson 0-0: Called Strike
0-1: Ball
1-1: Foul Ball, location: 25F
1-2: Fly out, F9 (Flyball, 89D, EV 123 KM/H)
Bottom of the 9th over - 0 runs, 0 hits, 1 error, 1 left on base; Utuado 2 - Las Piedras 2
TOP OF THE 10TH
Utuado Arribenos batting - Pitching for Las Piedras Menestrales : RHP Peleo Barrios
Now in LF: Guillermo Aldaña
Batting: LHB Gaudencio Ojeda 0-0: Swinging Strike
0-1: Ball
1-1: Ground out 6-3 (Groundball, 6, EV 132 KM/H)
Batting: SHB Egidio Osorio 0-0: SINGLE (Line Drive, 7S, EV 162 KM/H)
Batting: RHB Etelfrido Dorado 0-0: Called Strike
0-1: Fielders Choice at 2nd, 6-4 (Groundball, 6, EV 148 KM/H)
Batting: LHB Urbano Rivera 0-0: Called Strike
0-1: Reached on error, E6 (Groundball, P, EV 135 KM/H)
Etelfrido Dorado to second
Batting: RHB Haffy Beattie 0-0: Called Strike
0-1: Called Strike
0-2: Foul Ball, location: 7LMF
0-2: Ball
1-2: Fielders Choice at 2nd, 5-4 (Groundball, 56, EV 140 KM/H)
Top of the 10th over - 0 runs, 1 hit, 1 error, 2 left on base; Utuado 2 - Las Piedras 2
BOTTOM OF THE 10TH
Las Piedras Menestrales batting - Pitching for Utuado Arribenos : RHP Lucas Robles
Pinch Hitting: LHB D.J. Caldwell 0-0: Ball
1-0: Ball
2-0: Called Strike
2-1: Foul Ball, location: 23F
2-2: Foul Ball, location: 5F
2-2: Strikes out looking
Batting: LHB Urbano Liévanos 0-0: Ball
1-0: Ground out 6-3 (Groundball, 6, EV 135 KM/H)
Pinch Hitting: LHB Griff Robbins 0-0: Swinging Strike
0-1: Fly out, F6 (Popup, 6, EV 82 KM/H)
Bottom of the 10th over - 0 runs, 0 hits, 0 errors, 0 left on base; Utuado 2 - Las Piedras 2
TOP OF THE 11TH
Utuado Arribenos batting - Pitching for Las Piedras Menestrales : RHP Peleo Barrios
Now at C: Aquiles Carballo
Now at 3B: Samuel Villatoro
Batting: LHB Marco Aguiar 0-0: Ball
1-0: Called Strike
1-1: Ball
2-1: Foul Ball, location: 2F
2-2: Ground out U3 (Groundball, 3, EV 164 KM/H)
Batting: LHB Aldo Agosto 0-0: Ball
1-0: Called Strike
1-1: Ball
2-1: Called Strike
2-2: Strikes out swinging
Batting: RHB Jesús Piñeda 0-0: Ball
1-0: Foul Ball, location: 25F
1-1: Ball
2-1: Called Strike
2-2: Ball
3-2: Foul Ball, location: 3SF
3-2: Ground out 5-3 (Groundball, 25, EV 146 KM/H)
Top of the 11th over - 0 runs, 0 hits, 0 errors, 0 left on base; Utuado 2 - Las Piedras 2
BOTTOM OF THE 11TH
Las Piedras Menestrales batting - Pitching for Utuado Arribenos : RHP Lucas Robles
Pinch Hitting: SHB Juan Ruiz 0-0: Ground out U3 (Groundball, 3L, EV 135 KM/H)
Batting: RHB Howard McArthur 0-0: Ball
1-0: Called Strike
1-1: Ball
2-1: Ground out 4-3 (Groundball, 4S, EV 130 KM/H)
Batting: SHB Albán Murguía 0-0: Called Strike
0-1: Ground out 6-3 (Groundball, 6, EV 171 KM/H)
Bottom of the 11th over - 0 runs, 0 hits, 0 errors, 0 left on base; Utuado 2 - Las Piedras 2
TOP OF THE 12TH
Utuado Arribenos batting - Pitching for Las Piedras Menestrales : RHP Peleo Barrios
Now at SS: Samuel Martínez
Batting: LHB Efraín Trejo 0-0: Foul Ball, location: 3F
0-1: Ground out 4-3 (Groundball, 4, EV 159 KM/H)
Batting: LHB Gaudencio Ojeda 0-0: Ball
1-0: DOUBLE (Line Drive, 7LS, EV 171 KM/H)
Batting: SHB Egidio Osorio 0-0: Ball
1-0: Ball
2-0: Ball
3-0: Called Strike
3-1: Fly out, F7 (Flyball, 7S, EV 130 KM/H)
Batting: RHB Etelfrido Dorado 0-0: Foul Ball, location: 3F
0-1: Ball
1-1: SINGLE (Groundball, P, EV 125 KM/H) (infield hit)
Gaudencio Ojeda to third
Batting: LHB Urbano Rivera 0-0: Called Strike
0-1: SINGLE (Groundball, 6M, EV 144 KM/H) (infield hit)
Gaudencio Ojeda scores
Etelfrido Dorado to second
Batting: RHB Haffy Beattie 0-0: Ball
1-0: Ground out 2-3 (Groundball, 2R, EV 117 KM/H)
Top of the 12th over - 1 run, 3 hits, 0 errors, 2 left on base; Utuado 3 - Las Piedras 2
BOTTOM OF THE 12TH
Las Piedras Menestrales batting - Pitching for Utuado Arribenos : RHP Lucas Robles
Now at 1B: Amérigo Zúñiga
Batting: LHB Álvaro Sánchez 0-0: Ball
1-0: Foul Ball, location: 2F
1-1: Fly out, F9 (Line Drive, 9, EV 147 KM/H)
Batting: SHB Guillermo Aldaña 0-0: Called Strike
0-1: Ground out 6-3 (Groundball, 56S, EV 129 KM/H)
Batting: LHB Gabe Olson 0-0: Called Strike
0-1: SINGLE (Line Drive, 8RS, EV 141 KM/H)
Batting: RHB Samuel Villatoro 0-0: Foul Ball, location: 9LSF
0-1: Foul Ball, location: 23F
0-2: Strikes out looking
Bottom of the 12th over - 0 runs, 1 hit, 0 errors, 1 left on base; Utuado 3 - Las Piedras 2
Friday, March 1st , 2024 - OOTP Baseball 24.11 Build 85